[Event "WJCC U20 Girls 2019"]
[Site "New Delhi"]
[Date "2019.10.21"]
[Round "7.18"]
[White "Nomindalai Tumurbaatar"]
[Black "Kiolbasa, Oliwia"]
[Result "1/2-1/2"]
[ECO "A45"]
[WhiteElo "2061"]
[BlackElo "2223"]
[Annotator "NA"]
[PlyCount "119"]
[EventDate "2019.10.15"]
[EventType "swiss"]
[EventCountry "IND"]
[SourceTitle "playchess.com"]
[Source "ChessBase"]
[SourceQuality "1"]
[TimeControl "40/5400+30:1800+30"]

1. d4 Nf6 2. Bf4 d6 3. e3 Nbd7 4. Nd2 e5 5. dxe5 Nxe5 6. Bxe5 dxe5 7. Nc4 Qe7 8. Nf3 e4 9. Nd4 g6 10. Be2 Bg7 11. O-O O-O 12. a4 Rd8 13. Qc1 c5 14. Nb5 Nd5 15. Rd1 Be6 16. a5 a6 17. Nba3 Rab8 $15 18. c3 f5 19. Qc2 Bf7 20. Bf1 Qc7 21. Rd2 Ne7 22. Rad1 Nc6 23. Qa4 Rxd2 24. Rxd2 Rd8 25. Rxd8+ Qxd8 26. Nb6 Bf6 27. Nac4 Kg7 28. Be2 Qc7 29. Qa3 Be7 30. g3 h5 31. Qa1 Bd8 32. Qd1 Nxa5 33. Nxa5 Qxb6 34. Nc4 Qc7 35. Nd6 Be7 36. Nxf7 Kxf7 37. Qd5+ Kg7 38. Bc4 Bf6 39. Qg8+ Kh6 40. Bf7 Bg7 41. Qe8 Qd6 42. Kg2 h4 43. Qe6 Qxe6 44. Bxe6 hxg3 45. hxg3 b5 46. Bc8 a5 47. Bd7 b4 48. cxb4 cxb4 49. b3 Bc3 50. Bb5 Kg5 51. Be8 Kf6 52. Kf1 g5 53. Ke2 Ke5 54. Bb5 f4 55. gxf4+ gxf4 56. Be8 Bb2 57. Bb5 fxe3 58. fxe3 Kd5 59. Be8 Ke5 60. Bb5 1/2-1/2

[Event "WJCC U20 Girls 2019"]
[Site "New Delhi"]
[Date "2019.10.21"]
[Round "7.19"]
[White "Aakanksha Hagawane"]
[Black "Dwilewicz, Katarzyna"]
[Result "1-0"]
[ECO "C88"]
[WhiteElo "2181"]
[BlackElo "2106"]
[Annotator "NA"]
[PlyCount "67"]
[EventDate "2019.10.15"]
[EventType "swiss"]
[EventCountry "IND"]
[SourceTitle "playchess.com"]
[Source "ChessBase"]
[SourceQuality "1"]
[TimeControl "40/5400+30:1800+30"]

1. e4 e5 2. Nf3 Nc6 3. Bb5 a6 4. Ba4 Nf6 5. O-O Be7 6. Re1 b5 7. Bb3 O-O 8. a4 Na5 9. axb5 Nxb3 10. cxb3 Bb7 11. d3 axb5 12. Rxa8 Bxa8 13. Nxe5 d5 14. Nc3 dxe4 15. d4 b4 16. Ne2 Nd7 17. Nc4 f5 18. Nf4 Rf6 19. Nh5 Rg6 20. Bf4 Nb6 21. Ng3 Nd5 22. Qd2 Rg4 23. Be5 Qf8 24. Ne3 Nxe3 25. fxe3 c5 26. Rf1 cxd4 27. Nxf5 d3 28. Qc1 h5 29. Nh6+ gxh6 30. Qc4+ Kh7 31. Rf7+ Kg6 32. Qe6+ Kg5 33. Bf6+ Kg6 34. Bxe7# 1-0

[Event "WJCC U20 Girls 2019"]
[Site "New Delhi"]
[Date "2019.10.21"]
[Round "7.21"]
[White "Lakshmi C"]
[Black "Potapova, Margarita"]
[Result "1/2-1/2"]
[ECO "B11"]
[WhiteElo "1859"]
[BlackElo "2377"]
[Annotator "NA"]
[PlyCount "131"]
[EventDate "2019.10.15"]
[EventType "swiss"]
[EventCountry "IND"]
[SourceTitle "playchess.com"]
[Source "ChessBase"]
[SourceQuality "1"]
[TimeControl "40/5400+30:1800+30"]

1. e4 c6 2. Nc3 d5 3. Nf3 Bg4 4. h3 Bxf3 5. Qxf3 e6 6. d4 dxe4 7. Nxe4 Qxd4 8. Bd3 Be7 9. Be3 Qd8 10. Qg3 g6 11. O-O-O Nd7 12. Bf4 $11 Qa5 13. Bc4 Ngf6 14. Nd6+ Bxd6 15. Bxd6 Ne4 16. Qh4 Nxd6 17. Rxd6 Qe5 18. Rhd1 g5 19. Qh5 Qf4+ 20. Kb1 O-O-O 21. R1d4 Qf6 22. h4 h6 23. Qe2 Nb6 24. Rxd8+ Rxd8 25. Rxd8+ Qxd8 26. hxg5 Nxc4 27. gxh6 Qh4 28. a3 Nb6 29. Qe3 Nd5 30. Qc1 Ne7 31. g3 Qh5 32. g4 Qxg4 33. Qh1 Ng6 34. h7 Qd4 35. Qh6 Qh8 36. Qh5 Kb8 37. b4 a6 38. Qh2+ e5 39. Qh6 Ka8 40. Qh5 Ka7 41. a4 Ka8 42. Qh3 Kb8 43. Qd7 Qf8 44. c3 e4 45. Kb2 Ka8 46. Kb3 Kb8 47. Kb2 Ka8 48. Kb3 Ne5 49. Qf5 Qh8 50. a5 f6 51. Qxe4 Kb8 52. f4 Nd7 53. Qg6 Nf8 54. Qg8 Qxh7 55. Qxf8+ Kc7 56. Qxf6 Qb1+ 57. Kc4 Qe4+ 58. Qd4 Qe2+ 59. Qd3 Qe6+ 60. Kd4 Qd7+ 61. Ke3 Qh3+ 62. Ke2 Qh2+ 63. Ke3 Qh3+ 64. Kd4 Qd7+ 65. Ke3 Qh3+ 66. Ke4 1/2-1/2

[Event "WJCC U20 Girls 2019"]
[Site "New Delhi"]
[Date "2019.10.21"]
[Round "7.22"]
[White "Yakubbaeva, Nilufar"]
[Black "Zhang, Xiao"]
[Result "1-0"]
[ECO "B12"]
[WhiteElo "2281"]
[BlackElo "2053"]
[Annotator "NA"]
[PlyCount "55"]
[EventDate "2019.10.15"]
[EventType "swiss"]
[EventCountry "IND"]
[SourceTitle "playchess.com"]
[Source "ChessBase"]
[SourceQuality "1"]
[TimeControl "40/5400+30:1800+30"]

1. e4 c6 2. d4 d5 3. e5 c5 4. dxc5 e6 5. Qg4 Nd7 6. Nf3 Qc7 7. Be3 Ne7 8. Nc3 a6 9. Bd3 Ng6 10. Bxg6 hxg6 11. Qa4 Bxc5 12. Bxc5 Qxc5 13. O-O b5 14. Qf4 Bb7 15. Rfe1 Qe7 16. Rad1 Rc8 17. Rd4 Nb8 18. Ng5 Nc6 19. Rxd5 exd5 20. Nxd5 Qf8 21. e6 f5 22. Nf7 Ne5 23. Qxe5 Bxd5 24. Qxd5 Ke7 25. Nxh8 Qxh8 26. Qd7+ Kf6 27. e7 Qe8 28. Qxc8 1-0

[Event "WJCC U20 Girls 2019"]
[Site "New Delhi"]
[Date "2019.10.21"]
[Round "7.24"]
[White "Bakshi, Rutuja"]
[Black "Pychova, Nela"]
[Result "1/2-1/2"]
[ECO "E11"]
[WhiteElo "2029"]
[BlackElo "2178"]
[Annotator "NA"]
[PlyCount "73"]
[EventDate "2019.10.15"]
[EventType "swiss"]
[EventCountry "IND"]
[SourceTitle "playchess.com"]
[Source "ChessBase"]
[SourceQuality "1"]
[TimeControl "40/5400+30:1800+30"]

1. Nf3 Nf6 2. c4 e6 3. d4 Bb4+ 4. Bd2 a5 5. a3 Bxd2+ 6. Qxd2 d6 7. Nc3 O-O 8. g3 Qe7 9. Bg2 e5 10. O-O Re8 11. e4 Bg4 12. d5 Na6 13. h3 Bxf3 14. Bxf3 Nc5 15. Rae1 Nb3 16. Qe3 Nd4 17. Bd1 Nd7 18. Ne2 Nxe2+ 19. Rxe2 a4 20. Bc2 Nc5 21. f4 Rab8 22. f5 f6 23. Rg2 b5 24. cxb5 Rxb5 25. Bd1 Reb8 26. Rff2 R5b6 27. g4 Kh8 28. h4 Rf8 29. g5 Qd7 30. Rg4 Rbb8 31. Rfg2 Rg8 32. Qg3 Rbf8 33. Kh2 Qe7 34. Qe3 Rb8 35. Qg3 Rbe8 36. Qe3 Rb8 37. Qg3 1/2-1/2

[Event "WJCC U20 Girls 2019"]
[Site "New Delhi"]
[Date "2019.10.21"]
[Round "7.25"]
[White "Vlkova, Anezka"]
[Black "Avetisyan, Mariam"]
[Result "0-1"]
[ECO "B11"]
[WhiteElo "1972"]
[BlackElo "2110"]
[Annotator "NA"]
[PlyCount "86"]
[EventDate "2019.10.15"]
[EventType "swiss"]
[EventCountry "IND"]
[SourceTitle "playchess.com"]
[Source "ChessBase"]
[SourceQuality "1"]
[TimeControl "40/5400+30:1800+30"]

1. e4 c6 2. Nc3 d5 3. Nf3 Bg4 4. h3 Bxf3 5. Qxf3 e6 6. d3 Bb4 7. Bd2 d4 8. Nb1 Bxd2+ 9. Nxd2 e5 10. Qg3 Qf6 11. Be2 Ne7 12. h4 Ng6 13. Qg5 Qe7 14. Qxe7+ Kxe7 15. g3 h5 16. a4 b6 17. c3 c5 18. cxd4 cxd4 19. b4 Nd7 20. Nc4 a6 21. Kd2 Raf8 22. a5 b5 23. Nb6 Kd6 24. Rhc1 Ne7 25. f4 Nc6 26. Nd5 Rc8 27. Rc2 Ne7 28. Rac1 Rxc2+ 29. Rxc2 Nc6 30. Bf1 Re8 31. Be2 Rh8 32. Kc1 Rh6 33. Kb2 Rg6 34. g4 hxg4 35. h5 Rh6 36. Bxg4 exf4 37. Kb3 g5 38. Nb6 Nde5 39. Bc8 Nxd3 40. Nd5 Rxh5 41. Rd2 Nde5 42. Bxa6 f5 43. Nf6 Rh3+ 0-1

[Event "WJCC U20 Girls 2019"]
[Site "New Delhi"]
[Date "2019.10.21"]
[Round "7.26"]
[White "Katkov, Michelle"]
[Black "Mirza, Diana"]
[Result "1/2-1/2"]
[ECO "B24"]
[WhiteElo "2106"]
[BlackElo "1986"]
[Annotator "NA"]
[PlyCount "83"]
[EventDate "2019.10.15"]
[EventType "swiss"]
[EventCountry "IND"]
[SourceTitle "playchess.com"]
[Source "ChessBase"]
[SourceQuality "1"]
[TimeControl "40/5400+30:1800+30"]

1. e4 c5 2. Nc3 Nc6 3. Bb5 Nd4 4. Nf3 a6 5. Bd3 e6 6. O-O Ne7 7. b3 Nec6 8. Bb2 Be7 9. Nxd4 cxd4 10. Ne2 d5 11. Qe1 dxe4 12. Bxe4 Bc5 13. Nf4 O-O 14. Nd3 Ba7 15. f4 Bd7 16. Kh1 Qc7 17. Qh4 f5 18. Bf3 Rf6 19. Rae1 Ne7 20. Bd1 Bc6 21. Re2 Rh6 22. Qe1 Be4 23. Nb4 Ng6 24. d3 Bd5 25. Nxd5 exd5 26. Re8+ Rxe8 27. Qxe8+ Nf8 28. Bf3 Qd6 29. Re1 Bb8 30. g3 Ba7 31. Qa8 Bc5 32. Re5 Rf6 33. Rxd5 Qc6 34. Kg2 Re6 35. Re5 Rxe5 36. Bxc6 Re2+ 37. Kf3 Re3+ 38. Kf2 bxc6 39. Qxc6 Ne6 40. Qe8+ Nf8 41. Qc8 Bb6 42. Ba3 1/2-1/2

[Event "WJCC U20 Girls 2019"]
[Site "New Delhi"]
[Date "2019.10.21"]
[Round "7.27"]
[White "Aouachria, Marwa"]
[Black "Ferkova, Dominika"]
[Result "0-1"]
[ECO "B13"]
[WhiteElo "1839"]
[BlackElo "2096"]
[Annotator "NA RC"]
[PlyCount "128"]
[EventDate "2019.10.15"]
[EventType "swiss"]
[EventCountry "IND"]
[SourceTitle "playchess.com"]
[Source "ChessBase"]
[SourceQuality "1"]
[TimeControl "40/5400+30:1800+30"]

1. e4 c6 2. d4 d5 3. exd5 cxd5 4. c4 Nf6 5. Nc3 Nc6 6. Bg5 dxc4 7. Bxc4 e6 8. Nf3 Be7 9. a3 O-O 10. O-O h6 11. Bh4 Nd5 12. Bxe7 Ncxe7 13. Ne2 b6 14. Qd3 Bb7 15. Ne5 Nf5 16. Rfd1 Qg5 17. Nf3 Qf6 18. Rac1 a6 19. Ba2 Nh4 20. Nxh4 Qxh4 21. Qg3 Qxg3 22. hxg3 Rac8 23. Kf1 Rfd8 24. Ke1 b5 25. Rc5 Nb6 26. f3 Nc4 27. Bxc4 bxc4 28. Rxc8 Rxc8 29. Nc3 Bd5 30. Rc1 Rb8 31. Rc2 f6 32. Na4 Kf7 33. Nc5 a5 34. Kd2 g5 35. g4 h5 36. gxh5 Rh8 37. Kc3 Rxh5 38. Na4 g4 39. fxg4 Rg5 40. Nb6 Rxg4 41. Rf2 Rg3+ 42. Kc2 Be4+ 43. Kc1 c3 44. Nc4 Bxg2 45. Nxa5 Be4 46. bxc3 Rxc3+ 47. Kb2 Rd3 48. Rf4 Bd5 49. Rf1 f5 50. Ra1 Kf6 51. a4 f4 52. Kc2 Re3 53. Kd2 Kf5 54. Rb1 Ke4 55. Nb7 Rd3+ 56. Ke2 Bxb7 57. Rxb7 Rxd4 58. a5 Ra4 59. Rb6 e5 60. a6 Ra2+ 61. Kf1 f3 62. Rb4+ Ke3 63. Rb3+ Kf4 64. Rb4+ e4 0-1

[Event "WJCC U20 Girls 2019"]
[Site "New Delhi"]
[Date "2019.10.21"]
[Round "7.28"]
[White "Onur, Cigdem"]
[Black "Bauyrzhan, Arnash"]
[Result "0-1"]
[ECO "B40"]
[WhiteElo "1913"]
[BlackElo "2075"]
[Annotator "NA RC"]
[PlyCount "68"]
[EventDate "2019.10.15"]
[EventType "swiss"]
[EventCountry "IND"]
[SourceTitle "playchess.com"]
[Source "ChessBase"]
[SourceQuality "1"]
[TimeControl "40/5400+30:1800+30"]

1. e4 c5 2. Nf3 e6 3. c3 Nc6 4. d4 d5 5. exd5 exd5 6. Bb5 Bd6 7. dxc5 Bxc5 8. O-O Nge7 9. Bg5 O-O 10. Nbd2 Qb6 11. Qa4 Bf5 12. Nb3 Bd6 13. Rad1 Bc2 14. Rd2 Be4 15. Nbd4 Nxd4 16. Nxd4 Qc7 17. g3 Ng6 18. f3 a6 19. fxe4 axb5 20. Qb3 dxe4 21. Nxb5 Qc5+ 22. Kh1 Bxg3 23. Rd5 Qc8 24. Rdf5 Be5 25. Rxf7 Rxf7 26. Qxf7+ Kh8 27. Nd4 Qh3 28. Qf2 h6 29. Bc1 Rf8 30. Qxf8+ Nxf8 31. Rxf8+ Kh7 32. Rf2 Bxh2 33. Rg2 Bf4+ 34. Kg1 Bxc1 0-1

[Event "WJCC U20 Girls 2019"]
[Site "New Delhi"]
[Date "2019.10.21"]
[Round "7.32"]
[White "Nastase, Andreea-Cristina"]
[Black "Meghna, C H"]
[Result "1-0"]
[ECO "D52"]
[WhiteElo "2077"]
[BlackElo "1956"]
[Annotator "NA"]
[PlyCount "113"]
[EventDate "2019.10.15"]
[EventType "swiss"]
[EventCountry "IND"]
[SourceTitle "playchess.com"]
[Source "ChessBase"]
[SourceQuality "1"]
[TimeControl "40/5400+30:1800+30"]

1. d4 d5 2. c4 c6 3. Nf3 Nf6 4. Nc3 e6 5. Bg5 Nbd7 6. e3 Qa5 7. cxd5 Nxd5 8. Qb3 Bb4 9. Rc1 O-O 10. Bd3 e5 11. O-O Bxc3 12. bxc3 h6 13. Bh4 Re8 14. Bb1 e4 15. Nd2 N5f6 16. Nc4 Qh5 17. Bg3 Nf8 18. Nd6 Re7 19. Nxc8 Rxc8 20. Qa3 Ng6 21. Qxa7 Nh4 22. Qc5 Nf5 23. Rce1 Nxg3 24. Qxe7 Nf5 25. Qc5 Qg6 26. f3 Nd7 27. Qc4 Nd6 28. Qe2 f5 29. fxe4 fxe4 30. Bc2 Ra8 31. Rf4 Nf6 32. Bb3+ Kh7 33. c4 Ra5 34. c5 Nb5 35. Be6 Kh8 36. Ref1 Nc7 37. Rg4 Qe8 38. Rxf6 Nxe6 39. Rf1 Nc7 40. Rgf4 Qe6 41. Qg4 Rxa2 42. Qxe6 Nxe6 43. Rxe4 Nc7 44. h3 Kg8 45. Rf2 Ra3 46. Re7 Nd5 47. Re8+ Kh7 48. Re2 Kg6 49. Kf2 Ra1 50. Rb2 Nf6 51. Re6 Kf7 52. Rxf6+ gxf6 53. Rxb7+ Ke6 54. Rc7 Ra6 55. Kf3 Kf5 56. g4+ Kg5 57. Rg7+ 1-0

[Event "WJCC U20 Girls 2019"]
[Site "New Delhi"]
[Date "2019.10.21"]
[Round "7.33"]
[White "Rindhiya V"]
[Black "Ortiz Verdezoto, Anahi"]
[Result "1-0"]
[ECO "C54"]
[WhiteElo "1817"]
[BlackElo "2055"]
[Annotator "NA RC"]
[PlyCount "89"]
[EventDate "2019.10.15"]
[EventType "swiss"]
[EventCountry "IND"]
[SourceTitle "playchess.com"]
[Source "ChessBase"]
[SourceQuality "1"]
[TimeControl "40/5400+30:1800+30"]

1. e4 e5 2. Nf3 Nc6 3. Bc4 Bc5 4. c3 Nf6 5. d4 exd4 6. cxd4 Bb4+ 7. Bd2 Bxd2+ 8. Nbxd2 d5 9. exd5 Nxd5 10. Qb3 Nce7 11. O-O O-O 12. Rfe1 c6 13. Ne4 Rb8 14. Ne5 Bf5 15. Rad1 a5 16. Qf3 Bg6 17. Nc5 Nb6 18. Nxg6 hxg6 19. Ne6 Qd6 20. Nxf8 Nxc4 21. Qe2 Nxb2 22. Nxg6 Qxg6 23. Qxb2 Nd5 24. Qa3 Ra8 25. Qg3 Qxg3 26. hxg3 b5 27. Rc1 Rc8 28. Re5 Nb4 29. Rxb5 Nxa2 30. Rcc5 Nb4 31. Rxa5 Re8 32. f3 Re1+ 33. Kh2 Re6 34. Ra8+ Kh7 35. Rc8 Re7 36. Ra8 Rb7 37. Ra3 Rd7 38. Rc4 Nd5 39. Ra6 Ne7 40. g4 g6 41. Rca4 Rd6 42. Ra7 Re6 43. Rc7 Kg7 44. Raa7 Kf8 45. Ra8+ 1-0

[Event "WJCC U20 Girls 2019"]
[Site "New Delhi"]
[Date "2019.10.21"]
[Round "7.34"]
[White "Bhagyashree Patil"]
[Black "Tamarozi, Isabelle"]
[Result "1-0"]
[ECO "B36"]
[WhiteElo "1802"]
[BlackElo "2029"]
[Annotator "NA RC"]
[PlyCount "73"]
[EventDate "2019.10.15"]
[EventType "swiss"]
[EventCountry "IND"]
[SourceTitle "playchess.com"]
[Source "ChessBase"]
[SourceQuality "1"]
[TimeControl "40/5400+30:1800+30"]

1. e4 c5 2. Nf3 Nc6 3. d4 cxd4 4. Nxd4 g6 5. c4 d6 6. Nc3 Nf6 7. Be2 Nxd4 8. Qxd4 Bg7 9. Qd3 a5 10. h3 O-O 11. O-O Be6 12. Be3 a4 13. Rab1 Nd7 14. Nd5 Nc5 15. Qc2 f5 16. Bf3 Rf7 17. Bxc5 fxe4 18. Bb6 Qd7 19. Bxe4 Raf8 20. Qd3 Be5 21. Bd4 Bxd4 22. Qxd4 Bf5 23. Rbe1 Rg7 24. Bxf5 Rxf5 25. Qxg7+ Kxg7 26. Rxe7+ Qxe7 27. Nxe7 Rc5 28. Rc1 Re5 29. Nd5 Re2 30. Rb1 Kf8 31. Kf1 Rd2 32. Ke1 Rd4 33. Ne3 Ke7 34. b3 b5 35. cxb5 Kd7 36. bxa4 Rxa4 37. b6 1-0

[Event "WJCC U20 Girls 2019"]
[Site "New Delhi"]
[Date "2019.10.21"]
[Round "7.35"]
[White "Chandreyee, Hajra"]
[Black "Eesha Ajay Sarda"]
[Result "1/2-1/2"]
[ECO "B43"]
[WhiteElo "2024"]
[BlackElo "1744"]
[Annotator "NA RC"]
[PlyCount "131"]
[EventDate "2019.10.15"]
[EventType "swiss"]
[EventCountry "IND"]
[SourceTitle "playchess.com"]
[Source "ChessBase"]
[SourceQuality "1"]
[TimeControl "40/5400+30:1800+30"]

1. e4 c5 2. Nf3 e6 3. d4 cxd4 4. Nxd4 a6 5. Nc3 Qc7 6. Be2 Nf6 7. O-O Be7 8. Be3 d6 9. f4 b5 10. a3 Bb7 11. Bf3 Nbd7 12. Nb3 Rc8 13. Qe1 O-O 14. Qg3 d5 15. exd5 Nxd5 16. Nxd5 Bxd5 17. Bxd5 exd5 18. c3 Nc5 19. Bd4 Ne6 20. Be3 Bf6 21. Rad1 Rfd8 22. Qg4 Qc4 23. Nd4 Nxd4 24. Bxd4 Rc6 25. Rfe1 Bxd4+ 26. Rxd4 Qc5 27. Qg5 Rf6 28. g3 h6 29. Qg4 Qb6 30. Kg2 Re6 31. Rxe6 fxe6 32. Qg6 Rf8 33. Qh5 Qd6 34. Qf3 Rf7 35. Rd2 Kf8 36. Qe3 Qc6 37. Kg1 Rc7 38. Re2 Kf7 39. Rf2 Kg8 40. f5 exf5 41. Rxf5 Rf7 42. Re5 Qc4 43. Re8+ Kh7 44. Qe2 Qxe2 45. Re6 Qe3+ 46. Rxe3 Kg6 47. Re6+ Rf6 48. Rxf6+ Kxf6 49. Kf2 Kf5 50. Kf3 h5 51. h3 g5 52. Ke3 Ke5 53. b3 a5 54. Kd3 h4 55. gxh4 gxh4 56. Ke3 Kf5 57. Kd4 Kf4 58. Kxd5 Kg3 59. Ke4 Kxh3 60. Kf3 Kh2 61. Kf2 h3 62. c4 bxc4 63. bxc4 Kh1 64. c5 h2 65. c6 a4 66. Kf1 1/2-1/2

[Event "WJCC U20 Girls 2019"]
[Site "New Delhi"]
[Date "2019.10.21"]
[Round "7.36"]
[White "Blazeka, Mihaela"]
[Black "Fretel, Liza"]
[Result "0-1"]
[ECO "B30"]
[WhiteElo "2109"]
[BlackElo "1877"]
[Annotator "NA"]
[PlyCount "76"]
[EventDate "2019.10.15"]
[EventType "swiss"]
[EventCountry "IND"]
[SourceTitle "playchess.com"]
[Source "ChessBase"]
[SourceQuality "1"]
[TimeControl "40/5400+30:1800+30"]

1. e4 c5 2. Nf3 Nc6 3. Bb5 Nf6 4. e5 Nd5 5. O-O Nc7 6. Be2 d6 7. exd6 Qxd6 8. Nc3 Bf5 9. d3 O-O-O 10. Nh4 Bg6 11. g3 Nd4 12. f4 e6 13. Bf3 c4 14. Nxg6 hxg6 15. Kg2 Nxf3 16. Rxf3 Qc6 17. Be3 Bb4 18. Ne4 cxd3 19. cxd3 Qb5 20. Bg1 Rd5 21. a3 Be7 22. Qc2 Kb8 23. Rc1 Rd7 24. Bd4 f6 25. Bc5 f5 26. Nd6 Rxd6 27. Bxd6 Bxd6 28. d4 Qd5 29. Qd3 Ne8 30. Kg1 Nf6 31. Rf2 Bc7 32. a4 Bb6 33. Rc4 Ne4 34. Rfc2 a5 35. Rc1 Nd6 36. Rc5 Bxc5 37. Rxc5 Qe4 38. Qc3 Qb1+ 0-1

[Event "WJCC U20 Girls 2019"]
[Site "New Delhi"]
[Date "2019.10.21"]
[Round "7.37"]
[White "Jayaweera, Sayuni Gihansa"]
[Black "Ulziikhishigjargal, Ochirkhuyag"]
[Result "1/2-1/2"]
[ECO "E17"]
[WhiteElo "1788"]
[BlackElo "2194"]
[Annotator "NA"]
[PlyCount "87"]
[EventDate "2019.10.15"]
[EventType "swiss"]
[EventCountry "IND"]
[SourceTitle "playchess.com"]
[Source "ChessBase"]
[SourceQuality "1"]
[TimeControl "40/5400+30:1800+30"]

1. d4 Nf6 2. c4 e6 3. Nf3 b6 4. g3 Bb7 5. Bg2 Be7 6. O-O O-O 7. Re1 d6 8. Nc3 Ne4 9. Qc2 Nxc3 10. Qxc3 c5 11. Qc2 Nc6 12. dxc5 bxc5 13. Bd2 Qb6 14. Bc3 Rfd8 15. Red1 Nb4 16. Qb1 Rab8 17. a3 Nc6 18. b4 d5 19. cxd5 exd5 20. bxc5 Qxc5 21. Qd3 Qb6 22. Rab1 Qa6 23. Qxa6 Bxa6 24. Nd4 Rbc8 25. Nxc6 Rxc6 26. Bb4 Bxb4 27. Rxb4 Bxe2 28. Bxd5 Rcd6 29. Re1 Bd3 30. Bb3 Kf8 31. Rb7 R6d7 32. Rxd7 Rxd7 33. Ba4 Rd8 34. f4 f5 35. Kf2 Be4 36. Rd1 Rb8 37. Rd2 a5 38. Ke3 g6 39. Rd7 Rb2 40. Rd2 Rb1 41. Rd1 Rb2 42. Rd2 Rb8 43. Rd7 Rb1 44. Rc7 1/2-1/2

[Event "WJCC U20 Girls 2019"]
[Site "New Delhi"]
[Date "2019.10.21"]
[Round "7.38"]
[White "Kairbekova, Amina"]
[Black "Levitan, Ronit"]
[Result "1-0"]
[ECO "C54"]
[WhiteElo "2096"]
[BlackElo "1893"]
[Annotator "NA"]
[PlyCount "77"]
[EventDate "2019.10.15"]
[EventType "swiss"]
[EventCountry "IND"]
[SourceTitle "playchess.com"]
[Source "ChessBase"]
[SourceQuality "1"]
[TimeControl "40/5400+30:1800+30"]

1. e4 e5 2. Nf3 Nc6 3. Bc4 Bc5 4. c3 Nf6 5. d4 exd4 6. e5 d5 7. Be2 Ne4 8. cxd4 Bb6 9. O-O O-O 10. Nc3 Be6 11. Be3 f6 12. exf6 Qxf6 13. Rc1 Ne7 14. Bd3 Nxc3 15. bxc3 Bg4 16. Be2 Rae8 17. Ne5 Bxe2 18. Qxe2 Qe6 19. f4 Ng6 20. Kh1 c6 21. Qc2 Nxe5 22. fxe5 Rxf1+ 23. Rxf1 Rc8 24. a4 Rc7 25. Qe2 Rf7 26. Rxf7 Qxf7 27. Qg4 Bd8 28. h3 Qe7 29. Qc8 a6 30. Bc1 Kf7 31. Qf5+ Kg8 32. Kh2 g6 33. Qc8 Kg7 34. Ba3 Qxa3 35. Qxd8 Qxc3 36. Qf6+ Kh6 37. e6 Qe3 38. e7 Kh5 39. Qf3+ 1-0

[Event "WJCC U20 Girls 2019"]
[Site "New Delhi"]
[Date "2019.10.21"]
[Round "7.40"]
[White "Cosme Contreras, Trilce"]
[Black "Figueroa Bernal, Julia Dennis"]
[Result "1/2-1/2"]
[ECO "E36"]
[WhiteElo "2027"]
[BlackElo "1777"]
[Annotator "NA RC"]
[PlyCount "158"]
[EventDate "2019.10.15"]
[EventType "swiss"]
[EventCountry "IND"]
[SourceTitle "playchess.com"]
[Source "ChessBase"]
[SourceQuality "1"]
[TimeControl "40/5400+30:1800+30"]

1. d4 Nf6 2. c4 e6 3. Nc3 Bb4 4. Qc2 d5 5. a3 Bxc3+ 6. Qxc3 c5 7. cxd5 cxd4 8. Qg3 exd5 9. Qxg7 Rg8 10. Qh6 Rg6 11. Qf4 Nc6 12. Nf3 Rg4 13. Qd2 Qb6 14. h3 Rg6 15. g3 Ne4 16. Qd1 Be6 17. Bg2 O-O-O 18. b4 Kb8 19. Bf4+ Ka8 20. Ne5 Nxe5 21. Bxe5 d3 22. e3 Qb5 23. O-O Qd7 24. Qxd3 Bxh3 25. Rfd1 Bxg2 26. Kxg2 Ng5 27. Rh1 Qg4 28. Rh4 Qf3+ 29. Kf1 Ne4 30. Qe2 Rxg3 31. Qxf3 Rxf3 32. Ra2 Rf5 33. Bd4 h5 34. Rc2 Rg8 35. Rh3 b6 36. f4 Kb7 37. Rch2 Rc8 38. Ke1 Rc1+ 39. Ke2 Rc2+ 40. Kd3 Rf2 41. Bc3 Rxh2 42. Rxh2 Nxc3 43. Kxc3 Kc6 44. a4 a6 45. Kd4 Kd7 46. Rh4 Ke6 47. Kd3 Kd6 48. Ke2 a5 49. bxa5 bxa5 50. Kd3 Kc5 51. Kc3 Kc6 52. Kd4 Kb6 53. Rh1 Kc6 54. Rc1+ Kb6 55. Rc8 Kb7 56. Rh8 Kc7 57. Rh6 f6 58. Kc5 Kd7 59. Rh7+ Ke6 60. Kd4 Kd6 61. Ra7 Kc6 62. Rg7 Kd6 63. Rh7 Kc6 64. Re7 Kd6 65. Ra7 Kc6 66. Rxa5 h4 67. Rc5+ Kb6 68. Rb5+ Ka6 69. Rb2 h3 70. Rh2 Rh5 71. Kc5 Ka5 72. Kd6 Kxa4 73. Ke6 Kb3 74. Kxf6 Kc3 75. Kg6 Rh4 76. Kg5 Rh8 77. Kg4 Kd3 78. Rxh3 Rh7 79. Rh4 Rxh4+ 1/2-1/2

[Event "WJCC U20 Girls 2019"]
[Site "New Delhi"]
[Date "2019.10.21"]
[Round "7.41"]
[White "Lohani, Sujana"]
[Black "Srimathi R"]
[Result "0-1"]
[ECO "A46"]
[WhiteElo "1671"]
[BlackElo "1914"]
[Annotator "NA RC"]
[PlyCount "52"]
[EventDate "2019.10.15"]
[EventType "swiss"]
[EventCountry "IND"]
[SourceTitle "playchess.com"]
[Source "ChessBase"]
[SourceQuality "1"]
[TimeControl "40/5400+30:1800+30"]

1. d4 Nf6 2. Nf3 e6 3. c4 d5 4. g3 Bb4+ 5. Bd2 Bd6 6. Bg2 c6 7. O-O O-O 8. Qc2 Nbd7 9. Re1 Ne4 10. Be3 f5 11. Nc3 Qe7 12. Nxe4 fxe4 13. Nd2 e5 14. f3 exd4 15. Bxd4 c5 16. Be3 d4 17. Bf4 Bxf4 18. gxf4 e3 19. Ne4 Rxf4 20. Kh1 Ne5 21. Ng3 Rh4 22. Nf1 Ng6 23. b4 Nf4 24. Qe4 Be6 25. Qb1 Qg5 26. Ng3 Qxg3 0-1

[Event "WJCC U20 Girls 2019"]
[Site "New Delhi"]
[Date "2019.10.21"]
[Round "7.42"]
[White "Noshin, Anjum"]
[Black "Rathi Dhanashree"]
[Result "1/2-1/2"]
[ECO "B43"]
[WhiteElo "1793"]
[BlackElo "1692"]
[Annotator "NA"]
[PlyCount "59"]
[EventDate "2019.10.15"]
[EventType "swiss"]
[EventCountry "IND"]
[SourceTitle "playchess.com"]
[Source "ChessBase"]
[SourceQuality "1"]
[TimeControl "40/5400+30:1800+30"]

1. e4 c5 2. Nf3 e6 3. d4 cxd4 4. Nxd4 a6 5. Nc3 Qc7 6. Bd3 Bb4 7. Bd2 Nf6 8. Qe2 Nc6 9. Nxc6 bxc6 10. O-O Bd6 11. h3 e5 12. b3 O-O 13. Na4 Bb7 14. Rad1 Rfe8 15. Bg5 Be7 16. Bc4 d6 17. f4 h6 18. fxe5 hxg5 19. exf6 Bxf6 20. Qh5 Rxe4 21. Rxf6 Rxc4 22. Rfxd6 Rxc2 23. Qxg5 Re8 24. Qf5 Rce2 25. Rd7 Qg3 26. Qxf7+ Kh7 27. Qh5+ Kg8 28. Qf7+ Kh7 29. Qh5+ Kg8 30. Qf7+ 1/2-1/2

[Event "WJCC U20 Girls 2019"]
[Site "New Delhi"]
[Date "2019.10.21"]
[Round "7.43"]
[White "Shivika Rohilla"]
[Black "Du Plessis, Anika"]
[Result "1-0"]
[ECO "B30"]
[WhiteElo "1721"]
[BlackElo "1594"]
[Annotator "NA"]
[PlyCount "103"]
[EventDate "2019.10.15"]
[EventType "swiss"]
[EventCountry "IND"]
[SourceTitle "playchess.com"]
[Source "ChessBase"]
[SourceQuality "1"]
[TimeControl "40/5400+30:1800+30"]

1. e4 c5 2. Nf3 Nc6 3. Nc3 d6 4. Bb5 Nf6 5. e5 dxe5 6. Nxe5 Bd7 7. Nxc6 bxc6 8. Ba4 e6 9. d3 Qc7 10. Qf3 Bd6 11. Nb5 Qb8 12. Nxd6+ Qxd6 13. Bf4 Qd5 14. Bb3 Qxf3 15. gxf3 Ke7 16. Be3 Kd6 17. Rg1 Rhg8 18. c4 h6 19. O-O-O a5 20. d4 Ke7 21. dxc5 a4 22. Bc2 e5 23. Bd2 Be6 24. b3 axb3 25. axb3 Nd7 26. f4 Ra1+ 27. Kb2 Rxd1 28. Rxd1 Rb8 29. Kc3 e4 30. Be3 f5 31. Rg1 Kf7 32. Bd4 Nf6 33. Bxf6 Kxf6 34. h4 Rd8 35. Rd1 Rxd1 36. Bxd1 g5 37. hxg5+ hxg5 38. fxg5+ Kxg5 39. Kd4 Kf6 40. b4 Bd7 41. Be2 Bc8 42. Bd1 Ke6 43. Ba4 Bb7 44. b5 cxb5 45. cxb5 Ba8 46. b6 f4 47. c6 Kd6 48. b7 Bxb7 49. cxb7 Kc7 50. Kxe4 Kxb7 51. Kxf4 Kc7 52. Ke5 1-0